 Dungeon Crawl Stone Soup version 0.23.2-40-g277498a001 (webtiles) character file.

Game seed: 15572732058993703265

13540 Aggronaut the Unseen (level 11, -5/68 HPs)
             Began as a Vampire Enchanter on Oct 2, 2019.
             Was a Believer of Ashenzari.
             Slain by an alligator simulacrum (28 damage)
             ... in an ice cave.
             The game lasted 00:48:12 (14499 turns).

Aggronaut the Unseen (Vampire Enchanter)           Turns: 14499, Time: 00:48:13

Health: -5/68      AC:  9    Str:  8    XL:     11   Next: 76%
Magic:  17/20      EV: 11    Int: 17    God:    Ashenzari [**....]
Gold:   664        SH:  9    Dex: 18    Spells: 13/23 levels left

rFire    . . .     SeeInvis +   p - +2 dagger (elec)
rCold    . . .     Gourm    .   m - +0 buckler (curse)
rNeg     + . .     Faith    .   s - +0 ring mail (curse)
rPois    .         Spirit   .   x - +0 helmet (curse)
rElec    .         Reflect  +   B - +1 cloak (curse)
rCorr    .         Harm     .   (no gloves)
MR       +....                  u - +0 pair of boots
Stlth    ++++++....             e - +3 amulet of reflection
HPRegen  0.21/turn              h - ring of wizardry
MPRegen  0.17/turn              G - ring of flight

@: no status effects
A: fangs 3, see invisible, unbreathing
a: Bat Form, Curse Item, Scrying, Renounce Religion, Evoke Flight


You were in an ice cave.
You worshipped Ashenzari.
Ashenzari was pleased with you.
You were not thirsty.

You visited 3 branches of the dungeon, and saw 13 of its levels.
You also visited: Ice Cave.

You collected 664 gold pieces.

Inventory:

Hand Weapons
 b - a +1 vampiric rapier
 p - a +2 dagger of electrocution (weapon)
Missiles
 H - 2 throwing nets (quivered)
Armour
 m - a cursed +0 buckler (worn)
 s - a cursed +0 ring mail (worn)
 u - a +0 pair of boots (worn)
 x - a cursed +0 helmet (worn)
 B - a cursed +1 cloak (worn)
 M - a +2 robe of cold resistance
Jewellery
 e - a +3 amulet of reflection (around neck)
 h - a ring of wizardry (left hand)
 j - an uncursed amulet of the gourmand
 G - a ring of flight (right hand)
 K - an uncursed ring of ice
Wands
 a - a wand of digging (4)
 c - a wand of enslavement (5)
 v - a wand of random effects (10)
 Q - a wand of acid (7)
Scrolls
 l - 4 scrolls of remove curse
 n - 2 scrolls of fog
 o - 2 scrolls of teleportation
 t - 2 scrolls of fear {unknown}
 w - 2 scrolls of noise {unknown}
 y - a scroll of blinking
 C - a scroll of silence {unknown}
 D - 2 scrolls of enchant armour {unknown}
 E - a scroll of immolation {unknown}
 F - 3 scrolls of enchant weapon {unknown}
 I - a scroll of amnesia {unknown}
Potions
 d - 4 potions of blood
 f - 5 potions of curing
 g - a potion of berserk rage
 i - a potion of cancellation
 k - 4 potions of heal wounds
 q - 2 potions of flight {unknown}
 r - a potion of invisibility
 z - 3 potions of brilliance
 A - 3 potions of haste
 N - 2 potions of lignification
 P - a potion of agility
Miscellaneous
 J - a crystal ball of energy
 L - a sack of spiders


   Skills:
 - Level 10.0 Short Blades
 - Level 2.1(3.3) Dodging
 + Level 15.8 Stealth
 - Level 4.0(5.3) Shields
 + Level 6.5 Spellcasting
 - Level 8.0 Hexes
 - Level 10.1 Necromancy


You had 13 spell levels left.
You knew the following spells:

 Your Spells              Type           Power        Failure   Level  Hunger
a - Corona                Hex            ####...      1%          1    None
b - Ensorcelled Hibernat  Hex/Ice        ###...       4%          2    None
c - Confuse               Hex            ####....     1%          3    ##.....
d - Vampiric Draining     Necr           #####.....   1%          3    ##.....
e - Magic Dart            Conj           #...         16%         1    None

Your spell library contained the following spells:

 Spells                   Type           Power        Failure   Level  Hunger
 Animate Skeleton         Necr           N/A          1%          1    None
 Confusing Touch          Hex            ####..       1%          1    None
 Pain                     Necr           ####         1%          1    None
 Slow                     Hex            ####....     1%          2    None
 Tukima's Dance           Hex            ####....     1%          3    ##.....
 Animate Dead             Necr           N/A          2%          4    ####...
 Regeneration             Chrm/Necr      ###.......   6%          3    ##.....
 Dazzling Spray           Conj/Hex       ###...       9%          3    ##.....
 Apportation              Tloc           #.....       16%         1    None
 Summon Small Mammal      Summ           #...         16%         1    None
 Blink                    Tloc           N/A          22%         2    None
 Call Imp                 Summ           #.......     22%         2    None
 Searing Ray              Conj           #.....       22%         2    None
 Fulminant Prism          Conj/Hex       ###.......   28%         4    ####...
 Conjure Flame            Conj/Fire      #.......     41%         3    ##.....
 Mephitic Cloud           Conj/Pois/Air  #.......     41%         3    ##.....
 Force Lance              Conj/Tloc      #.......     80%         4    ####...
 Iskenderun's Mystic Bla  Conj           #.......     80%         4    ####...


Dungeon Overview and Level Annotations

Branches:
Dungeon (9/15)             Temple (1/1) D:6            Lair (3/6) D:9
 Shoals (0/4) Lair:2
  Snake: Lair:2-4    Spider: Lair:2-4       Orc: D:9-12

Altars:
Ashenzari
Cheibriados
Dithmenos
Elyvilon
Fedhas
Gozag
Hepliaklqana
Kikubaaqudgha
Makhleb
Nemelex Xobeh
Okawaru
Qazlal
Ru
Sif Muna
Trog
Uskayaw
Vehumet
Wu Jian
Xom
Yredelemnul
Zin
The Shining One

Shops:
D:6 [

Annotations:
D:8 2 transporters, MenacingMecha's ghost, novice DsWz


Innate Abilities, Weirdness & Mutations

You have razor-sharp teeth.
You have supernaturally acute eyesight. (SInv)
You can survive without breathing.


Message History

The alligator simulacrum is heavily damaged.
You block the alligator simulacrum's attack.
The alligator simulacrum tail-slaps you!
The alligator simulacrum freezes you!
Casting: Ensorcelled Hibernation (safe; 4% risk of failure)
Confirm with . or Enter, or press ? or * to list all spells.
Aiming: Vampiric Draining (safe; 1% risk of failure)
Press: ? - help, Shift-Dir - straight line, f - alligator simulacrum
Aim: an alligator simulacrum (heavily damaged)
You can't drain life from that!
Casting: Vampiric Draining (safe; 1% risk of failure)
Confirm with . or Enter, or press ? or * to list all spells.
Aiming: Confuse (safe; 1% risk of failure)
Press: ? - help, Shift-Dir - straight line, f/p - alligator simulacrum
Aim: an alligator simulacrum (heavily damaged, chance to defeat MR: 64%)
The alligator simulacrum struggles to resist.
You block the alligator simulacrum's attack.
The alligator simulacrum tail-slaps you.
The alligator simulacrum freezes you!!
You die...

* , , ####
##..## ## ,
##@Z..##.Z##
*,
#..Z.......#
, ,
#.∩.∩.......
,
#.......##..
##....### ,
##..##* * *
**####* ≈ *
** * * * ≈ ≈
*


You could see an alligator simulacrum and a polar bear simulacrum.

Vanquished Creatures
  Harold (D:8)
  A hydra (Lair:1)
  Erolcha (D:9)
  An unseen horror (D:8)
  An oklob plant (Lair:1)
  Pikel (D:6)
  A manticore (D:7)
  A merfolk siren (Lair:2)
  A black mamba (Lair:3)
  A spiny frog (Lair:2)
  Psyche (D:8)
  A rime drake (Lair:2)
  A komodo dragon (Lair:1)
  2 merfolk (Lair:2)
  3 blink frogs (Lair:2)
  2 hippogriffs
  3 yaks (Lair:2)
  A basilisk (Lair:2)
  Edmund (D:4)
  6 water moccasins
  3 porcupines
  Duvessa (D:4)
  4 ice beasts
  2 sky beasts
  A slave (D:6)
  An eye of draining (D:9)
  3 necrophages (D:9)
  A phantom (D:9)
  9 ogres
  3 centaurs
  5 crocodiles
  Blork the orc (D:4)
  6 bullfrogs
  A gnoll sergeant (D:5)
  A water moccasin zombie (D:7)
  An elephant simulacrum (IceCv)
  Dowan (D:4)
  3 scorpions
  9 killer bees
  A wight (D:9)
  An electric eel (Lair:2)
  3 crimson imps
  A bullfrog zombie (D:9)
  A howler monkey (D:4)
  A centaur zombie (D:9)
  A quasit (D:6)
  2 orc priests
  Crazy Yiuf (D:6)
  4 hounds
  2 bullfrog skeletons
  A centaur skeleton (D:9)
  An iguana (D:6)
  8 orc wizards
  Natasha (thrice) (D:3)
  5 worker ants
  2 hound skeletons
  2 mummies (D:9)
  2 worker ant zombies
  A howler monkey zombie (D:9)
  11 adders
  6 gnolls
  2 shadow imps
  2 oozes
  An adder skeleton (D:5)
  5 worms
  2 dart slugs (D:1)
  8 leopard geckos
  31 orcs
  6 giant cockroaches
  12 goblins
  13 hobgoblins
  4 jackals
  2 quokkas
  6 bats
  3 frilled lizards
  A jackal skeleton (D:5)
  3 kobolds (D:1)
  A leopard gecko skeleton (D:6)
  A quokka skeleton (D:4)
  A quokka zombie (D:6)
  9 rats
  A fire vortex (Lair:1)
261 creatures vanquished.

Notes
Turn   | Place    | Note
-------+----------+-------------------------------------------
     0 | D:1      | Aggronaut the Vampire Enchanter began the quest for the
                  | Orb.
     0 | D:1      | Reached XP level 1. HP: 13/13 MP: 3/3
   169 | D:1      | Reached skill level 5 in Hexes
   171 | D:1      | Reached XP level 2. HP: 7/19 MP: 1/5
   562 | D:1      | Reached skill level 5 in Stealth
   971 | D:1      | Learned a level 2 spell: Ensorcelled Hibernation
  1055 | D:1      | Reached XP level 3. HP: 17/24 MP: 3/6
  2126 | D:2      | Reached XP level 4. HP: 30/30 MP: 4/7
  3871 | D:3      | Reached skill level 6 in Stealth
  3950 | D:3      | Noticed Natasha
  3962 | D:3      | Killed Natasha
  3962 | D:3      | Reached XP level 5. HP: 35/35 MP: 3/8
  3974 | D:3      | Learned a level 3 spell: Confuse
  4655 | D:3      | Noticed Natasha
  4662 | D:3      | Killed Natasha
  4994 | D:3      | Noticed Natasha
  5005 | D:3      | Killed Natasha
  5276 | D:4      | Noticed Edmund
  5286 | D:3      | Reached XP level 6. HP: 33/41 MP: 0/9
  5437 | D:4      | Noticed Duvessa
  5469 | D:4      | Noticed Dowan
  5483 | D:4      | Killed Dowan
  5483 | D:4      | Reached skill level 7 in Stealth
  5483 | D:4      | Reached skill level 1 in Shields
  5484 | D:4      | Killed Duvessa
  5608 | D:4      | Reached XP level 7. HP: 46/46 MP: 5/10
  5823 | D:4      | Reached skill level 5 in Short Blades
  5823 | D:4      | Reached skill level 8 in Stealth
  5901 | D:4      | Killed Edmund
  5963 | D:4      | Noticed Blork the orc
  5981 | D:4      | Killed Blork the orc
  6143 | D:4      | Reached XP level 8. HP: 52/52 MP: 8/11
  6445 | D:5      | Entered Level 5 of the Dungeon
  6611 | D:5      | Reached skill level 9 in Stealth
  6647 | D:5      | Learned a level 3 spell: Vampiric Draining
  7322 | D:6      | Reached skill level 10 in Stealth
  7474 | D:6      | Reached XP level 9. HP: 57/57 MP: 12/12
  7592 | D:6      | Found Tuffed's Armour Shoppe.
  7717 | D:6      | Found a staircase to the Ecumenical Temple.
  7846 | D:6      | Noticed Pikel
  7852 | D:6      | Killed Pikel
  7852 | D:6      | Reached skill level 11 in Stealth
  8056 | D:6      | Found a runed translucent door.
  8057 | D:6      | Noticed Crazy Yiuf
  8064 | D:6      | Killed Crazy Yiuf
  8348 | D:7      | Reached skill level 10 in Short Blades
  8504 | D:7      | Found a sparkling altar of Nemelex Xobeh.
  8542 | D:7      | Noticed a manticore
  8550 | D:7      | Killed a manticore
  8550 | D:7      | Reached skill level 12 in Stealth
  8632 | D:7      | Reached skill level 13 in Stealth
  9045 | D:7      | Reached skill level 1 in Necromancy
  9185 | D:7      | Reached XP level 10. HP: 37/63 MP: 2/14
  9551 | D:7      | Found a deep blue altar of Sif Muna.
  9824 | D:8      | Noticed an unseen horror
  9831 | D:8      | Killed an unseen horror
  9833 | D:8      | Noticed Psyche
  9859 | D:8      | Killed Psyche
 10029 | D:8      | Found a transporter.
 10037 | D:8      | Found a transporter.
 10037 | D:8      | Noticed MenacingMecha's ghost (novice DsWz)
 10039 | D:8      | Noticed a two-headed ogre
 10399 | D:8      | Noticed Harold
 10411 | D:8      | Killed Harold
 10411 | D:8      | Reached skill level 14 in Stealth
 10411 | D:8      | Reached skill level 5 in Necromancy
 10870 | D:9      | Found a staircase to the Lair.
 10953 | Temple   | Entered the Ecumenical Temple
 11162 | Temple   | Became a worshipper of Ashenzari the Shackled
 11546 | D:9      | Noticed Erolcha
 11567 | D:9      | Killed Erolcha
 12501 | D:9      | Reached skill level 5 in Spellcasting
 12501 | D:9      | Reached XP level 11. HP: 68/68 MP: 18/18
 12504 | D:9      | Learned a level 1 spell: Magic Dart
 12779 | Lair:1   | Entered Level 1 of the Lair of Beasts
 12831 | Lair:1   | Reached * piety under Ashenzari
 12908 | Lair:1   | Found a deep blue altar of Sif Muna.
 12909 | Lair:1   | Noticed an oklob plant
 12936 | Lair:1   | Killed an oklob plant
 13144 | Lair:1   | Noticed an eight-headed hydra
 13161 | Lair:1   | Killed an eight-headed hydra
 13161 | Lair:1   | Reached skill level 15 in Stealth
 13537 | Lair:2   | Reached ** piety under Ashenzari
 14227 | Lair:2   | Found a staircase to the Shoals.
 14446 | Lair:3   | Found a frozen archway.
 14457 | Lair:3   | Found a radiant altar of Vehumet.
 14469 | Lair:3   | Reached skill level 10 in Necromancy
 14481 | IceCv    | Entered an ice cave
 14499 | IceCv    | Slain by an alligator simulacrum

Skill      XL: |  1  2  3  4  5  6  7  8  9 10 11 |
---------------+----------------------------------+-----
Hexes          | 5 6 7 8 |  8.0
Stealth        | 5 6 7 8 10 13 14 15 | 15.8
Short Blades   | 2 4 6 8 10 | 10.0
Shields        | 1 3 4 |  4.0
Necromancy     | 2 7 10 | 10.1
Spellcasting   | 5 6 |  6.5
Dodging        | |  2.1

Action                   |  1- 3 |  4- 6 |  7- 9 | 10-12 || total
-------------------------+-------+-------+-------+-------++-------
Melee: Dagger            |   107 |   167 |   213 |   284 ||   771
       Bite              |     8 |    15 |    10 |    24 ||    57
       Rapier            |       |       |    24 |       ||    24
 Cast: Corona            |     2 |       |       |       ||     2
       Ensorcelled Hiber |     6 |    39 |    47 |    40 ||   132
       Confuse           |       |     2 |     4 |    13 ||    19
Invok: Curse Item        |       |       |       |     4 ||     4
 Abil: End Transformatio |     1 |       |     2 |       ||     3
       Bat Form          |     1 |       |     2 |       ||     3
Evoke: Wand              |       |       |     1 |       ||     1
       Sack of spiders   |       |       |       |     2 ||     2
  Use: Scroll            |     6 |     2 |     4 |     5 ||    17
       Potion            |       |     4 |     4 |     6 ||    14
 Stab: Sleeping          |    23 |    24 |    49 |    39 ||   135
       Distracted        |       |     1 |     1 |       ||     2
       Confused          |       |       |     1 |     5 ||     6
       Held in net/web   |       |       |       |     2 ||     2
  Eat: Corpse            |     1 |     3 |       |     9 ||    13
Armor: Robe              |    10 |    22 |       |       ||    32
       Ring mail         |       |    14 |    26 |    45 ||    85
Dodge: Dodged            |    49 |   108 |    68 |    57 ||   282
Block: Buckler           |       |     9 |    53 |    79 ||   141
       Reflection        |       |       |       |     1 ||     1
